[Event "Early-Titled-Tuesday-Blitz-February-06-2024"]
[Site "Chess.com"]
[Date "2024.02.06"]
[Round "11"]
[White "CaspiIsrael"]
[Black "Sattarov_Bobur"]
[Result "1/2-1/2"]
[WhiteElo "2685"]
[BlackElo "2795"]
[TimeControl "180+1"]
[EndTime "10:07:27 PST"]
[Termination "Game drawn by repetition"]

1. e4 e5 2. Nf3 Nc6 3. d4 exd4 4. Nxd4 Qf6 5. Nf3 Bc5 6. Nc3 Nge7 7. Bg5 Qg6 8. Bd3 d6 9. e5 Bf5 10. Bxf5 Nxf5 11. exd6 O-O 12. d7 Ncd4 13. h4 Qe6+ 14. Kf1 Qxd7 15. Nxd4 Nxd4 16. Ne4 Bb6 17. c3 Qb5+ 18.
Kg1 Ne2+ 19. Kh2 Bxf2 20. Rf1 Bb6 21. Qc2 Rae8 22. Rf5 Qc4 23. Nf6+ gxf6 24. Bxf6 h6 25. Raf1 Re4 26. Rh5 Be3 27. Rf3 Rfe8 28. b3 Qe6 29.
Qxe2 Bg1+ 30. Kxg1 Rxe2 31. Rxh6 Re1+ 32. Kh2 Qxf6 33. Rhxf6 R8e7 34. Rf2 R1e3 35. R6f3 R3e4 36. g3 b5 37. Kg2 a5 38. Rd3 a4 39. bxa4 bxa4 40.
Rd4 Rxd4 41. cxd4 Re4 42. Rd2 Re3 43. Kf2 Ra3 44. d5 Kg7 45. Kg2 f5 46. Kf2 Kf6 47.
Kg2 Ke5 48. h5 Kf6 49. d6 cxd6 50. Rxd6+ Kg5 51. Rd2 Kxh5 52. Kf2 Kg4 53. Rd4+ Kg5 54. Rd2 Rc3 55. Rb2 a3 56. Rd2 Kg4 57. Rd4+ Kg5 58.
Rd2 Rc4 59. Kf3 Rc3+ 60. Kf2 1/2-1/2

[Event "Early-Titled-Tuesday-Blitz-February-06-2024"]
[Site "Chess.com"]
[Date "2024.02.06"]
[Round "11"]
[White "HajiyevKanan"]
[Black "N4700000"]
[Result "0-1"]
[WhiteElo "2584"]
[BlackElo "2443"]
[TimeControl "180+1"]
[EndTime "10:07:27 PST"]
[Termination "N4700000 won on time"]

1. d4 d6 2. Nf3 Nf6 3. g3 Nbd7 4. Bg2 e5 5. O-O e4 6. Ne1 d5 7. f3 exf3 8. Nxf3 Be7 9. c4 c6 10. Nc3 dxc4 11. e4 O-O 12. a4 a5 13. Qe2 Nb6 14. Bg5 Be6 15. Rad1 h6 16. Bf4 Qc8 17. Ne5 Re8 18.
Be3 Qc7 19. Bf4 Bd6 20. Bxh6 Bxe5 21. dxe5 Ng4 22. Bf4 Nxe5 23. h3 f6 24. Qh5 Qf7 25.
Qxf7+ Bxf7 26. Be3 Nbd7 27. Rd6 Reb8 28. Rfd1 b5 29.
Rxd7 Nxd7 30. Rxd7 b4 31. Ne2 c3 32. Bc1 cxb2 33. Bxb2 Rd8 34. Rxd8+ Rxd8 35. Bd4 Bb3 36.
Bb6 Rd2 37. Kf2 Bc4 38. Bf3 b3 39. Bxa5 b2 40. Bxd2 b1=Q 41. a5 Bxe2 42. Kxe2 Qb5+ 43. Kf2 c5 44. Be2 c4 45. Ke3 Qb3+ 46. Kd4 Qb2+ 47.
Ke3 c3 48. Bc4+ Kh8 49. Bxc3 Qxc3+ 50. Bd3 Qxa5 51. Be2 Qc5+ 52. Kf4 Qe5+ 53. Kf3 g5 54. h4 g4+ 55. Ke3 Qxg3+ 56. Kd4 Qxh4 57. Ke3 Qg3+ 58. Kd2 Qf4+ 59. Kd3 g3 0-1

[Event "Early-Titled-Tuesday-Blitz-February-06-2024"]
[Site "Chess.com"]
[Date "2024.02.06"]
[Round "11"]
[White "FMVolodymyrSakun"]
[Black "laskakid"]
[Result "1/2-1/2"]
[WhiteElo "2530"]
[BlackElo "2331"]
[TimeControl "180+1"]
[EndTime "10:07:27 PST"]
[Termination "Game drawn by repetition"]

1. e4 e5 2. Nf3 Nc6 3. Bb5 a6 4. Ba4 Nf6 5. d3 d6 6. c3 g6 7. h3 Bg7 8. O-O O-O 9. Re1 Kh8 10.
d4 Nd7 11. Bxc6 bxc6 12. dxe5 Nxe5 13. Nxe5 Bxe5 14. Be3 Bg7 15. Bd4 f6 16. b4 a5 17.
Nd2 Be6 18. a4 Qd7 19. Nb3 axb4 20. cxb4 Rfb8 21. Bc3 c5 22. b5 c6 23. bxc6 Qxc6 24. Nd2 d5 25. exd5 Qxd5 26. Qf3 Qxf3 27. Nxf3 Re8 28.
a5 Ra6 29. Nd2 Kg8 30. Ne4 Rc8 31. Bxf6 Kf7 32. Bxg7 Kxg7 33. Nc3 Kf6 34. Reb1 Rca8 35. Rb5 c4 36. Rc5 Bf7 37. f4 h5 38. Kf2 Rb8 39.
Ke3 Rb3 40. Rc1 Re6+ 41. Kd2 Rb2+ 42. Rc2 Rb3 43. Nd5+ Kg7 44. Nc3 Ra3 45. Kc1 Ra6 46.
Ra2 Rxc3+ 47. Kb2 Rb3+ 48. Kc2 Rd3 49. Ra4 Rd7 50. Kc3 Rda7 51. g4 hxg4 52. hxg4 Be6 53.
f5 Bf7 54. fxg6 Kxg6 55. g5 Kg7 56. Kb4 Rb7+ 57. Kc3 Rba7 58. Kb4 Rb7+ 59. Kc3 Rb3+ 60.
Kc2 Rb7 61. Kc3 1/2-1/2

[Event "Early-Titled-Tuesday-Blitz-February-06-2024"]
[Site "Chess.com"]
[Date "2024.02.06"]
[Round "11"]
[White "Gabrielian_Artur"]
[Black "Anton_Demchenko"]
[Result "1-0"]
[WhiteElo "2774"]
[BlackElo "2872"]
[TimeControl "180+1"]
[EndTime "10:07:30 PST"]
[Termination "Gabrielian_Artur won on time"]

1. e4 e5 2. Nf3 Nc6 3. Nc3 Nf6 4. Bb5 Nd4 5. O-O Nxb5 6. Nxb5 c6 7. Nc3 d6 8. d4 Qc7 9. Bg5 Be7 10. Qd3 O-O 11. Rad1 h6 12. Bxf6 Bxf6 13. d5 Be7 14. Nd2 Kh8 15. a4 f5 16. exf5 Bxf5 17. Nde4 Rad8 18.
Qc4 Rd7 19. b4 Bh7 20. Qb3 Bg8 21. f3 Rc8 22. Rf2 Bf8 23. g3 Qb6 24. a5 Qc7 25. Kg2 b6 26. a6 b5 27. Rfd2 Qb6 28. Qa2 cxd5 29. Nxd5 Qc6 30. c3 Bxd5 31. Qxd5 Qxa6 32. Nc5 dxc5 33. Qxd7 cxb4 34. cxb4 Bxb4 35. Qxc8+ Qxc8 36. Rd8+ Qxd8 37. Rxd8+ Kh7 38. Rb8 Bc5 39. Rxb5 Bd4 40. Rd5 Kg6 41. f4 Kf5 42. Kf3 g5 43. fxe5 g4+ 44.
Kg2 Bxe5 45. Ra5 h5 46. Rxa7 Bd4 47. Ra5+ Kg6 48. Kf1 Be3 49. Re5 Bd4 50. Re4 Ba7 51. Kg2 Bc5 52. Ra4 Be3 53. Ra6+ Kg5 54. h4+ gxh3+ 55. Kxh3 Bd4 56. Ra5+ Kg6 57. Rd5 Be3 58. Kg2 Ba7 59. Kf3 Bg1 60. Rd6+ Kg5 61. Rd1 1-0

[Event "Early-Titled-Tuesday-Blitz-February-06-2024"]
[Site "Chess.com"]
[Date "2024.02.06"]
[Round "11"]
[White "iwanyu"]
[Black "Zhigalko_Sergei"]
[Result "0-1"]
[WhiteElo "2813"]
[BlackElo "2952"]
[TimeControl "180+1"]
[EndTime "10:07:35 PST"]
[Termination "Zhigalko_Sergei won by checkmate"]

1. d4 Nf6 2. c4 e6 3. Nf3 b6 4. g3 Ba6 5. Nbd2 Bb4 6. Qc2 Bb7 7.
Bg2 Be4 8. Qa4 Bxd2+ 9. Bxd2 O-O 10. O-O d6 11. Bc3 Nbd7 12. Nd2 Bxg2 13. Kxg2 c5 14. e4 cxd4 15. Bxd4 e5 16. Bc3 Nc5 17. Qc2 Qc8 18.
b4 Ne6 19. Qd3 Qc6 20. f4 Rac8 21. Rac1 Rfd8 22. h3 a5 23. a3 axb4 24. axb4 b5 25.
cxb5 Qb7 26. Qe2 h6 27. Kh2 Re8 28. fxe5 dxe5 29. Bxe5 Rxc1 30. Rxc1 Nd7 31. Bb2 Ng5 32. Rc6 Nb8 33. h4 Nxc6 34. bxc6 Qxb4 35. hxg5 Qxb2 36. Kh3 hxg5 37. Qd3 Qe5 38. Qd5 Qe6+ 39. Kg2 Rc8 40. Nf3 Qxc6 41. Qxg5 Qxe4 42. Qh5 Re8 43. Kh2 g6 44.
Qb5 Qe2+ 45. Qxe2 Rxe2+ 46. Kh3 Ra2 47. Kg4 Kg7 48. Ne5 Ra4+ 49. Kf3 f6 50. Nd7 Ra3+ 51. Kf4 Ra4+ 52. Kf3 g5 53. Nc5 Ra3+ 54. Kg4 Kg6 55. Kh3 f5 56. Kg2 Rc3 57. Ne6 Rc2+ 58. Kf3 g4+ 59. Kf4 Rf2+ 60. Ke5 Rf3 61. Nd4 Re3+ 62. Kf4 Re4# 0-1

[Event "Early-Titled-Tuesday-Blitz-February-06-2024"]
[Site "Chess.com"]
[Date "2024.02.06"]
[Round "11"]
[White "xakevicius91"]
[Black "Zurability"]
[Result "0-1"]
[WhiteElo "2606"]
[BlackElo "2744"]
[TimeControl "180+1"]
[EndTime "10:07:38 PST"]
[Termination "Zurability won by resignation"]

1. e4 c5 2. Nf3 d6 3. Bb5+ Bd7 4. a4 Nf6 5. Nc3 g6 6. O-O Bg7 7. Re1 O-O 8. h3 Nc6 9. d4 cxd4 10. Nxd4 a6 11. Bf1 Rc8 12. Be3 Na5 13. Kh1 Nc4 14. Bxc4 Rxc4 15. Qd3 Qc7 16. Nb3 Rc8 17. Bd4 Be6 18.
Rad1 Nh5 19. Bxg7 Kxg7 20. Nd4 Rxc3 21. bxc3 Qxc3 22. Qxc3 Rxc3 23. Rb1 Bc8 24. e5 Rc4 25.
exd6 exd6 26. Re4 d5 27. Re8 Bd7 28. Rd8 Bxa4 29. Rxd5 Nf6 30. Rd8 b5 31. Rb2 Ne4 32. f3 Ng3+ 33. Kh2 Nf1+ 34. Kg1 Ne3 35. Rd6 h5 36. h4 Kf8 37. Nc6 Bxc2 38. Ne5 Ra4 39. Rd7 f6 40. Nxg6+ Ke8 41. Rd2 Bxg6 42. Re2 Ra3 43.
Rbd2 Kf7 44. f4 Bf5 45. g4 Bxg4 46. Re1 Nc4 47. Rd4 Rg3+ 48. Kf2 Rf3+ 49. Kg2 Ne3+ 50. Kh2 Rf2+ 51. Kg1 Rg2+ 52. Kh1 Rg3 53. Kh2 Rh3+ 54.
Kg1 Bf5 55. Rd7+ Bxd7 56. Kf2 Ng4+ 57. Kg2 Re3 58. Rd1 Bc6+ 59. Kg1 Re2 60. Rc1 Rg2+ 61. Kf1 Ne3+ 62. Ke1 Bf3 63. Rc7+ Kg6 64. f5+ Nxf5 65. Rg7+ Kxg7 66. Kf1 Ne3+ 0-1

[Event "Early-Titled-Tuesday-Blitz-February-06-2024"]
[Site "Chess.com"]
[Date "2024.02.06"]
[Round "11"]
[White "CSB7"]
[Black "MokshAD1603"]
[Result "1-0"]
[WhiteElo "2735"]
[BlackElo "2604"]
[TimeControl "180+1"]
[EndTime "10:07:40 PST"]
[Termination "CSB7 won by resignation"]

1. e4 e5 2. Nf3 Nc6 3. Bc4 Bc5 4. O-O Nf6 5. d3 d6 6. c3 O-O 7. Re1 a5 8. Bg5 h6 9. Bh4 g5 10. Bg3 Ba7 11. Na3 Kg7 12. Nb5 Bb6 13. d4 Qe7 14. Qd3 Bg4 15. Nd2 Nh5 16. Bd5 Nf4 17. Bxf4 gxf4 18. Nc4 Kh7 19. Nbxd6 Rad8 20. Nf5 Qg5 21.
Bxc6 bxc6 22. Nxe5 Bh5 23. Kh1 Rg8 24. Rg1 c5 25. Rac1 Bg6 26. Qc4 cxd4 27. cxd4 Bxf5 28.
Qxf7+ Rg7 29. Qxf5+ Qxf5 30. exf5 Rxd4 31. Rc2 Rd5 32. f6 Rg8 33. Nc4 Ba7 34. h3 Rf8 35. Re1 Rxf6 36. Re7+ Kg6 37. Rxc7 Bd4 38. Kg1 f3 39.
gxf3 Rg5+ 40. Kf1 Rxf3 41. Rd2 Bc5 42. Rc6+ Kh5 43. Ke2 Rgf5 44. Kd1 Bxf2 45. Kc2 Bg3 46. Rd3 Rf2+ 47. Kb3 Rg2 48. Ne3 Rf3 49. Rd5+ Be5 50.
Rxe5+ Rg5 51. Rxg5+ hxg5 52. Rc3 Rxh3 53. Nf5 g4 54.
Ng3+ Kh4 55. Nf5+ Kg5 56. Ne3 Kf4 57. Nxg4 Rh5 58. Nf2 Rb5+ 59. Ka3 Re5 60. Nd3+ 1-0

[Event "Early-Titled-Tuesday-Blitz-February-06-2024"]
[Site "Chess.com"]
[Date "2024.02.06"]
[Round "11"]
[White "SharapovEvgeny"]
[Black "Bilan_Danila"]
[Result "1-0"]
[WhiteElo "2545"]
[BlackElo "2604"]
[TimeControl "180+1"]
[EndTime "10:07:41 PST"]
[Termination "SharapovEvgeny won on time"]

1. e4 c6 2. d4 d5 3. e5 c5 4. Nf3 Nc6 5. c4 e6 6. cxd5 exd5 7. Nc3 Be6 8. Bb5 a6 9. Bxc6+ bxc6 10. O-O c4 11. Ng5 Ne7 12. Nxe6 fxe6 13. f4 g6 14. Kh1 h5 15. Ne2 Nf5 16. b3 cxb3 17. Qxb3 Be7 18. Ba3 Kf7 19. Bxe7 Qxe7 20. Rac1 Rhc8 21. Rc3 Rab8 22.
Qc2 Rb4 23. Rxc6 Ne3 24. Rxc8 Nxc2 25. Rxc2 Qb7 26. h3 Rb1 27. Rcc1 Rxc1 28. Rxc1 Qb2 29. Rc7+ Kf8 30. Ng1 Qxd4 31. Nf3 Qxf4 32. Rc6 Ke7 33. Rxa6 g5 34. Ra7+ Ke8 35. Ra8+ Kd7 36. Ra7+ Kd8 37. Ra8+ Kc7 38. Ra7+ Kb6 39. Re7 g4 40. Rxe6+ Kc5 41.
Ng1 d4 42. a4 d3 43. Rd6 Kc4 44. Rc6+ Kb4 45. Rd6 d2 46. a5 Kxa5 47. Rd5+ Kb4 48. e6 Qe3 49. e7 Kc3 50. Rd7 Qe1 51. Rc7+ Kb4 52. Rd7 Kc3 53. Rc7+ Kb2 54. Rb7+ Kc1 55. Rc7+ Kd1 56. Rd7 Kc2 57. Rc7+ Kd3 58. Rd7+ Kc4 59. Rxd2 Qxe7 60. Re2 Qh4 61. Re4+ Kd3 62. Ra4 Qe7 63. Ra1 Qe5 64. Ra3+ Kd2 65. Ra2+ Ke1 66. Re2+ Qxe2 67. Nxe2 Kxe2 68. hxg4 hxg4 69. Kg1 Ke1 70. Kh1 Kf2 71. Kh2 1-0

[Event "Early-Titled-Tuesday-Blitz-February-06-2024"]
[Site "Chess.com"]
[Date "2024.02.06"]
[Round "11"]
[White "Kapitan_Bayan"]
[Black "mertfelin"]
[Result "0-1"]
[WhiteElo "2369"]
[BlackElo "2287"]
[TimeControl "180+1"]
[EndTime "10:07:43 PST"]
[Termination "mertfelin won by checkmate"]

1. e4 e5 2. Nf3 Nc6 3. Bc4 Bc5 4. O-O Nf6 5. d3 O-O 6. Nbd2 d6 7. c3 Bb6 8. b4 Ne7 9. h3 Ng6 10. Re1 c6 11. Bb3 Re8 12. Nc4 Bc7 13. a4 d5 14.
exd5 cxd5 15. Ne3 Nf4 16. Nf1 h6 17. Ng3 Ng6 18. Ra2 Bd7 19. Rae2 a6 20. Qc2 Rc8 21. Qa2 Bc6 22. Be3 Qd7 23. a5 Rcd8 24. Nh2 Re7 25.
Nhf1 Rde8 26. Nd2 d4 27. cxd4 exd4 28. Bg5 hxg5 29. Rxe7 Rxe7 30. Rxe7 Qxe7 31. Nf5 Qe1+ 32. Nf1 Ne5 33. Qc2 Qc3 34. Ne7+ Kf8 35. Qxc3 dxc3 36. Nxc6 Nxc6 37. Ne3 Nxb4 38. Kf1 Bxa5 39. Ke2 Bb6 40.
g4 Bxe3 41. f3 Bf4 42. d4 c2 43. Bxc2 Nxc2 44. d5 Nxd5 45. Kf2 Nd4 46. h4 Nxf3 47. hxg5 Nxg5 48. Kg2 Bh2 49. Kxh2 Ne3 50. Kh1 Nxg4 51. Kg1 Ke7 52. Kg2 Kf6 53. Kh1 Kf5 54. Kg1 Kf4 55.
Kg2 Ne4 56. Kh1 Kf3 57. Kg1 Ne3 58. Kh1 g5 59. Kg1 g4 60. Kh1 b6 61. Kh2 b5 62.
Kg1 g3 63. Kh1 f6 64. Kg1 f5 65. Kh1 f4 66. Kg1 a5 67. Kh1 b4 68. Kg1 a4 69.
Kh1 b3 70. Kg1 a3 71. Kh1 b2 72. Kg1 a2 73. Kh1 a1=B 74. Kg1 b1=R# 0-1

[Event "Early-Titled-Tuesday-Blitz-February-06-2024"]
[Site "Chess.com"]
[Date "2024.02.06"]
[Round "11"]
[White "tylityli"]
[Black "boguszp"]
[Result "1-0"]
[WhiteElo "2243"]
[BlackElo "2091"]
[TimeControl "180+1"]
[EndTime "10:07:45 PST"]
[Termination "tylityli won on time"]

1. d4 d5 2. c4 c6 3. cxd5 cxd5 4. Bf4 Nc6 5. e3 a6 6. Nc3 Nf6 7. Bd3 e6 8. Rc1 Bd6 9. Bxd6 Qxd6 10. f4 Bd7 11.
Nf3 b5 12. O-O O-O 13. Ne5 Rac8 14. g4 g6 15. g5 Ne8 16. Ng4 Nb4 17. Bb1 f5 18. gxf6 Nxf6 19. Ne5 Rc7 20. Qf3 Bc8 21. a3 Nc6 22. Rc2 Bb7 23. Rg2 Ne7 24. Qh3 Nf5 25.
Bxf5 exf5 26. Qxf5 Ne4 27. Nxe4 dxe4 28. Qg5 Qf6 29.
Qh6 Qg7 30. Qh4 Qf6 31. Qf2 Rfc8 32. h4 Rg7 33. Rg5 Rcc7 34. Qg2 Bc8 35. Ng4 Bxg4 36. Qxg4 Rc2 37. Rf2 Rxf2 38. Kxf2 Rc7 39. Re5 Rc2+ 40. Kg3 Rc7 41. d5 Qd6 42. Qe6+ Qxe6 43. Rxe6 Rd7 44. Rxe4 Rxd5 45. Rd4 Rc5 46. Rd2 a5 47. Kf3 Kf7 48.
Ke4 Ke6 49. b4 axb4 50. axb4 Rc4+ 51. Rd4 Rc1 52. Rd8 Rc4+ 53. Kf3 Rxb4 54. Rh8 h5 55.
Rg8 Kf7 56. Rb8 Rb1 57. Ke4 Rh1 58. Rxb5 Rxh4 59. Ke5 Rh3 60. e4 Kg7 61. Rb7+ Kh6 62. Rb6 Re3 63. f5 Rg3 64. Kf4 Rg4+ 65. Kf3 Rg5 66. f6 Re5 67. Kf4 Re8 68. e5 g5+ 69.
Kf5 h4 70. f7+ 1-0

[Event "Early-Titled-Tuesday-Blitz-February-06-2024"]
[Site "Chess.com"]
[Date "2024.02.06"]
[Round "11"]
[White "kekic76"]
[Black "TokChess"]
[Result "1-0"]
[WhiteElo "2375"]
[BlackElo "2541"]
[TimeControl "180+1"]
[EndTime "10:07:46 PST"]
[Termination "kekic76 won by resignation"]

1. e4 d6 2. d4 Nf6 3. Nc3 Nbd7 4. Be3 e5 5. f3 Be7 6. Bc4 O-O 7. Nge2 a6 8. a4 Re8 9. a5 exd4 10. Nxd4 Ne5 11. Bb3 c5 12. Nde2 Nc6 13. O-O Nxa5 14. Ba2 Nc6 15. Nf4 Bf8 16. Qd2 Nb4 17. Bc4 Qc7 18.
Rfd1 Bd7 19. Bf2 Bc6 20. Bg3 Rad8 21. Nfd5 Nbxd5 22. Nxd5 Nxd5 23. Bxd5 Qb6 24. Ra2 Bxd5 25. Qxd5 Be7 26. h3 Bf6 27. c3 Be5 28. f4 Bf6 29. Kh2 Qb5 30. Rd2 h6 31. Bf2 Qf1 32. Ra4 Qb5 33. Ra1 Re6 34. Re1 Rde8 35. g4 Qc6 36. Qxc6 bxc6 37. e5 dxe5 38. f5 R6e7 39. Bxc5 Rb7 40.
Ra1 Rb5 41. b4 e4 42. Ra3 Ra8 43. Re2 a5 44. Rxe4 a4 45. Bd4 Bxd4 46. Rxd4 c5 47. Rd5 Rab8 48. Rxc5 Rxc5 49. bxc5 Rb3 50. Rxa4 Rxc3 51.
Ra5 h5 52. Kg2 h4 53. Rb5 f6 54. Ra5 Kh7 55. Rb5 Kh6 56. Ra5 Kg5 57. Ra7 Rc2+ 58. Kf3 Rc3+ 59. Ke4 Rxh3 60. Rxg7+ Kh6 61. Rg6+ Kh7 62.
Rxf6 Rc3 63. c6 h3 64. g5 Kg7 65. Rh6 Rg3 66. Kf4 Rc3 67. f6+ Kf7 68. Kg4 Rxc6 69. Rh7+ Kg8 70. Rg7+ Kf8 71. Kxh3 1-0

[Event "Early-Titled-Tuesday-Blitz-February-06-2024"]
[Site "Chess.com"]
[Date "2024.02.06"]
[Round "11"]
[White "wyharga"]
[Black "Korchmar_Vasiliy"]
[Result "0-1"]
[WhiteElo "2580"]
[BlackElo "2718"]
[TimeControl "180+1"]
[EndTime "10:07:47 PST"]
[Termination "Korchmar_Vasiliy won by resignation"]

1. e4 c5 2. Nf3 a6 3. c4 Nc6 4. d4 cxd4 5. Nxd4 Nf6 6. Nc3 Qc7 7. Be2 e6 8. O-O Nxd4 9. Qxd4 Bd6 10. Kh1 b6 11.
Be3 Be5 12. Qd3 Bb7 13. Bf3 h5 14. Bd4 Ng4 15. g3 Bxd4 16. Qxd4 Ne5 17. Bg2 h4 18. Kg1 f6 19. b3 Bc6 20. Rfe1 hxg3 21. hxg3 Rh6 22.
Nd5 exd5 23. exd5 Bb7 24. d6 Qb8 25. f4 Bxg2 26. Kxg2 Qb7+ 27. Qe4 O-O-O 28. Qxb7+ Kxb7 29. fxe5 fxe5 30. Rxe5 Rxd6 31. Rae1 Kc6 32. R1e2 Rg8 33. Rg5 g6 34. Rg4 Rf8 35. Rge4 Rf5 36. Kh3 b5 37. Kg4 Rc5 38. cxb5+ axb5 39. a4 bxa4 40. bxa4 Ra5 41. Rc2+ Kb6 42. Rb4+ Ka6 43. Rbc4 Rb6 44. Rd2 d5 45.
Rcd4 Rd6 46. Kg5 Kb6 47. g4 Kc5 48. R4d3 d4 49. Kh6 Kc4 50. g5 Re5 51. Rg3 Ra5 52. Rc2+ Kb4 53. Rb2+ Kc4 54. Rc2+ Kd5 55. Rc8 Rxa4 56.
Rg8 Raa6 57. Rd3 Kc4 58. Rd1 d3 59. Rc8+ Rac6 60. Rxc6+ Rxc6 61. Rc1+ Kd5 62. Rd1 Kd4 63. Kg7 Ke3 64. Re1+ Kd2 65. Re8 Kc2 66. Rd8 d2 67. Rc8 Rxc8 0-1

[Event "Early-Titled-Tuesday-Blitz-February-06-2024"]
[Site "Chess.com"]
[Date "2024.02.06"]
[Round "11"]
[White "hmatyi07"]
[Black "Quattroporte300"]
[Result "0-1"]
[WhiteElo "2218"]
[BlackElo "2384"]
[TimeControl "180+1"]
[EndTime "10:07:47 PST"]
[Termination "Quattroporte300 won by checkmate"]

1. e4 c5 2. Nf3 Nc6 3. d4 cxd4 4.
Nxd4 Nf6 5. Nc3 e5 6. Ndb5 d6 7. Bg5 a6 8. Na3 b5 9. Bxf6 gxf6 10. Nd5 f5 11. g3 fxe4 12. Bg2 Bg7 13. Bxe4 O-O 14. O-O f5 15. Bg2 Be6 16. c3 Rc8 17. Nc2 Qe8 18. Ncb4 Qf7 19. Nxa6 Rfd8 20. Nab4 Nxb4 21.
Nxb4 d5 22. Qe2 d4 23. Rfc1 Bc4 24. Qe1 d3 25. Qd2 e4 26. Re1 Rd6 27. Qf4 Rcd8 28. Bh3 Rf6 29. b3 Be6 30. Nc6 Rc8 31. Nd4 Rxc3 32.
Qb8+ Rc8 33. Qxb5 Rd8 34. Nc6 Rd5 35. Qb8+ Bf8 36. Rac1 Kg7 37. Qf4 h6 38. Ne5 Qb7 39.
Bg2 d2 40. Red1 dxc1=Q 41. Rxc1 Ba3 42. Re1 Qc7 43. h4 Qxe5 44. Qc1 Bf8 45. Qe3 Rf7 46.
h5 Qd4 47. Qf4 Rfd7 48. g4 Qe5 49. Qe3 Rd3 50. Qe2 Rd2 51. Qe3 f4 52. Qb6 Rd1 53. Rxd1 Rxd1+ 54. Kh2 f3+ 55. Kh3 fxg2 56. Qa7+ Rd7 57.
Qe3 g1=N+ 58. Kh4 Nf3+ 59. Kh3 Qg5 60. Qxg5+ Nxg5+ 61. Kg3 Rd2 62. b4 Rd3+ 63. Kh4 Nf3+ 64. Kg3 Nd4+ 65. Kh4 Be7+ 66. g5 Bxg5# 0-1

[Event "Early-Titled-Tuesday-Blitz-February-06-2024"]
[Site "Chess.com"]
[Date "2024.02.06"]
[Round "11"]
[White "CADMartin"]
[Black "Elnaz_Kaliakhmet"]
[Result "0-1"]
[WhiteElo "2443"]
[BlackElo "2298"]
[TimeControl "180+1"]
[EndTime "10:07:50 PST"]
[Termination "Elnaz_Kaliakhmet won by checkmate"]

1. e4 c5 2. Nf3 e6 3. d4 cxd4 4. Nxd4 a6 5. c4 Nf6 6. Nc3 Bb4 7. Bd3 Nc6 8. Nc2 Bxc3+ 9. bxc3 O-O 10. O-O b6 11. f4 d6 12. Be3 Bb7 13. Rb1 Nd7 14. Re1 Nc5 15. Nd4 Rc8 16. Bc2 Na5 17. Bf2 Nxc4 18.
Rb4 Na3 19. Bd3 a5 20. Rb2 Nxd3 21. Qxd3 Nc4 22. Rbb1 Ba6 23. Qh3 Qf6 24. Qg3 Qg6 25. f5 Qxg3 26. Bxg3 e5 27. Nc2 Rc6 28. Bf2 f6 29.
Red1 Rfc8 30. a4 Kf7 31. g4 g6 32. h3 gxf5 33. gxf5 Rg8+ 34. Kh2 Ke7 35. Rg1 Rxg1 36.
Rxg1 Kf7 37. Rb1 Nd2 38. Rxb6 Rxc3 39. Ne3 Nxe4 40. Bh4 Rxe3 41. Rxa6 Re2+ 42. Kg1 d5 43. Ra7+ Ke8 44. Rxa5 d4 45. Rd5 Ra2 46. a5 Nc3 47. Rd6 Ne2+ 48. Kf1 Nf4 49. Bxf6 Rxa5 50. Bxe5 Rxe5 51.
Rxd4 Rxf5 52. Re4+ Kf7 53. Kg1 Ng6 54. Ra4 Rf4 55. Ra5 Kf6 56. Kg2 Rf5 57. Ra6+ Kg5 58.
Ra7 h5 59. Ra4 Nf4+ 60. Kg3 h4+ 61. Kh2 Rc5 62. Kg1 Nxh3+ 63. Kg2 Nf4+ 64. Kh2 Rc2+ 65.
Kg1 Kg4 66. Ra8 Nh3+ 67. Kh1 Ng5 68. Ra4+ Kg3 69. Ra1 h3 70. Rg1+ Rg2 71. Rc1 Rh2+ 72. Kg1 Nf3+ 73. Kf1 Rf2# 0-1

[Event "Early-Titled-Tuesday-Blitz-February-06-2024"]
[Site "Chess.com"]
[Date "2024.02.06"]
[Round "11"]
[White "ChEsper99"]
[Black "Darius321"]
[Result "1/2-1/2"]
[WhiteElo "2225"]
[BlackElo "2357"]
[TimeControl "180+1"]
[EndTime "10:07:50 PST"]
[Termination "Game drawn by repetition"]

1. e4 e5 2. Nf3 Nf6 3. Nxe5 d6 4.
Nf3 Nxe4 5. d4 d5 6. Bd3 Bd6 7. O-O O-O 8. c4 c6 9. Nc3 Bf5 10. Qc2 Re8 11. Re1 Bb4 12. Bd2 Nxd2 13. Qxd2 Bxd3 14.
Qxd3 Bxc3 15. bxc3 Na6 16. cxd5 Qxd5 17. c4 Qh5 18. h3 Nc7 19. Rab1 b6 20. Re4 Rxe4 21. Qxe4 Qg6 22. Re1 Qxe4 23. Rxe4 Kf8 24. Kf1 Rd8 25.
Ke2 Ne6 26. Ke3 h6 27. a4 g5 28. g3 Ng7 29. Kd3 Ne8 30. Kc3 Nd6 31. Re5 f6 32.
Re2 Kf7 33. Nd2 Nf5 34. Nb3 h5 35. a5 h4 36. gxh4 Nxh4 37. a6 Nf5 38. c5 Ne7 39. Kc4 Nd5 40. cxb6 axb6 41. Ra2 Ra8 42. Nd2 f5 43. Nf3 Kf6 44. Ne5 b5+ 45. Kc5 Nc3 46. Ra3 b4 47. Kxb4 Nb1 48. Ra1 Nd2 49. Nxc6 Rb8+ 50.
Kc5 Rc8 51. a7 Nb3+ 52. Kb6 Nxa1 53. Kb7 Rxc6 54. Kxc6 Nb3 55. a8=Q Nxd4+ 56. Kd5 Nf3 57. Qh8+ Kg6 58. Kc4 Nh4 59. Kd3 f4 60. Ke2 Kf5 61. Qc8+ Kg6 62. Qg4 Kf6 63. Kd3 Nf5 64. Ke4 Nd6+ 65.
Kd5 Nf5 66. f3 Ne3+ 67. Ke4 Nxg4 68. hxg4 Ke6 69. Kd4 Kd6 70. Kc4 Kc6 71. Kd4 Kd6 72.
Ke4 Ke6 73. Kd4 Kd6 1/2-1/2

[Event "Early-Titled-Tuesday-Blitz-February-06-2024"]
[Site "Chess.com"]
[Date "2024.02.06"]
[Round "11"]
[White "NewYearGirl"]
[Black "MasterKroket"]
[Result "0-1"]
[WhiteElo "2357"]
[BlackElo "2489"]
[TimeControl "180+1"]
[EndTime "10:07:52 PST"]
[Termination "MasterKroket won by resignation"]

1. e4 e5 2. Nf3 Nc6 3. Bc4 Bc5 4. b4 Bxb4 5. c3 Ba5 6. d4 exd4 7. O-O Nf6 8. e5 d5 9. exf6 dxc4 10. fxg7 Rg8 11.
Re1+ Be6 12. Bg5 Qd5 13. Qa4 b5 14. Qa3 Rxg7 15. h4 b4 16. Qa4 bxc3 17. Re5 Qd7 18. Rxa5 Nxa5 19. Qxa5 Rc8 20. Nxc3 dxc3 21. Qxc3 Rg8 22.
Re1 h6 23. Bxh6 Qd3 24. Qf6 Qg6 25. Bg5 Qxf6 26. Bxf6 Rb8 27. Nd4 Kd7 28. f4 Kd6 29.
f5 Bd5 30. Be7+ Kd7 31. f6 Rxg2+ 32. Kf1 Rbb2 33. Ne2 c3 34. Ba3 Bc4 35. Kxg2 Rxe2+ 36. Rxe2 Bxe2 37. Kf2 Bh5 38. Ke3 Bg6 39. Kd4 c2 40. Kc3 Ke6 41. h5 Bh7 42. Kd2 Kxf6 43. Bc5 Kg5 44.
Bxa7 Kxh5 45. a4 Kg4 46. a5 Kf3 47. Bd4 Be4 48. Bf6 Kg4 49. a6 Kf5 50. Bd8 c5 51. Bb6 c4 52. Bd4 Ke6 53. Bb2 f5 54. Kc3 Bd5 55. Bc1 Ke5 56. Bd2 Ke4 57. Bc1 f4 58.
Kd2 f3 59. Ke1 Kd3 60. a7 Kc3 61. Kf2 Kb3 62. Ke3 Kc3 63. Kf2 Kd3 64. Ke1 Ba8 65. Kf2 c3 66. Ke1 Bb7 67. Kf2 Ke4 68. Ke1 Kd4 69.
Kf2 Kc4 70. Ke1 Kb3 71. Kf2 Ka2 72. Ke3 Kb1 73. Kd3 Kxc1 0-1

[Event "Early-Titled-Tuesday-Blitz-February-06-2024"]
[Site "Chess.com"]
[Date "2024.02.06"]
[Round "11"]
[White "Jumbo"]
[Black "DevikBronstein"]
[Result "1-0"]
[WhiteElo "2859"]
[BlackElo "2894"]
[TimeControl "180+1"]
[EndTime "10:07:58 PST"]
[Termination "Jumbo won by resignation"]

1. d4 Nf6 2. Nf3 b6 3. c4 e6 4. g3 Ba6 5. b3 Bb4+ 6. Bd2 Be7 7. Bg2 O-O 8. O-O c6 9. Qc2 d5 10. Rd1 Nbd7 11. Bf4 Rc8 12. Nc3 dxc4 13. bxc4 Bxc4 14. Ne5 Nxe5 15. dxe5 Nd5 16. Nb1 b5 17. Be4 g6 18.
Bh6 Re8 19. Nd2 Bxe2 20. Re1 Bg4 21. Kg2 Bf5 22. Bxf5 exf5 23. Nf3 Nb4 24. Qb3 Qd5 25. Red1 Qe6 26. Qxe6 fxe6 27. Rd7 a6 28. Rad1 Nd5 29. Kg1 Red8 30. Rb7 c5 31. Rxd5 Rxd5 32. Rxe7 c4 33.
Rg7+ Kh8 34. Ng5 Rf8 35. Rxh7+ Kg8 36. Rg7+ Kh8 37. Rh7+ Kg8 38. Re7 c3 39. Rc7 b4 40.
Kg2 a5 41. Bxf8 Kxf8 42. Nxe6+ Ke8 43. Nf4 Rd2 44. e6 c2 45. Nxg6 a4 46. Rc8+ Rd8 47. Rxc2 b3 48. axb3 axb3 49. Rb2 Rd3 50. Nf4 Rc3 51.
Nd5 Rd3 52. Ne3 Ke7 53. Nxf5+ Kxe6 54. Ne3 Ke5 55. Nf1 Kd4 56. Nd2 Ke5 57. Nxb3 Rd8 58. Nd2 Kf6 59. Nf3 Rd6 60. Re2 Ra6 61. g4 Ra4 62. Kg3 Kf7 63. h4 Kf6 64. h5 Rb4 65.
Re3 Ra4 66. Nh4 Rb4 67. f4 Rb1 68. g5+ Kf7 69. Kg4 Rb5 70. Nf5 1-0